 Dungeon Crawl Stone Soup version 0.21.1-1-g345015fe64 (webtiles) character file.

81 JarielCorvus the Magician (level 4, -12/24 HPs)
             Began as a Deep Elf Fire Elementalist on June 20, 2018.
             Engulfed by a cloud of flame (26 damage)
             ... on level 3 of the Dungeon.
             The game lasted 00:08:07 (2836 turns).

JarielCorvus the Magician (DEFE)                    Turns: 2836, Time: 00:08:08

Health: -12/24     AC:  2    Str:  5    XL:     4   Next: 19%
Magic:  5/21       EV: 13    Int: 21    God:
Gold:   161        SH:  0    Dex: 15    Spells: 3/12 levels left

rFire    . . .     SeeInvis .   (no weapon)
rCold    . . .     Gourm    .   (no shield)
rNeg     . . .     Faith    .   a - +0 robe
rPois    .         Spirit   .   (no helmet)
rElec    .         Reflect  .   (no cloak)
rCorr    .         Harm     .   (no gloves)
MR       .....                  (no boots)
Stlth    ++........             (no amulet)
HPRegen  0.08/turn              f - ring of magical power
MPRegen  0.17/turn              (no ring)

@: no status effects
A: no striking features
a: no special abilities


You were on level 3 of the Dungeon.
You were hungry.

You visited 1 branch of the dungeon, and saw 3 of its levels.

You collected 161 gold pieces.

Inventory:

Hand Weapons
 d - a +0 short sword
Armour
 a - a +0 robe (worn)
Jewellery
 f - a ring of magical power (left hand)
Scrolls
 c - a scroll of fog {unknown}
 e - a scroll of magic mapping {unknown}
 i - 2 scrolls of blinking {unknown}
Potions
 g - a potion of magic {unknown}
 h - a potion of curing
 j - a potion of mutation {unknown}
 l - a potion of might {unknown}
 n - a potion of berserk rage {unknown}
Books
 b - a book of Flames

   Spells                             Type                      Level
   a - Flame Tongue                   Conjuration/Fire             1
   b - Throw Flame                    Conjuration/Fire             2
   c - Conjure Flame                  Conjuration/Fire             3
   d - Inner Flame                    Hexes/Fire                   3
   e - Sticky Flame                   Conjuration/Fire             4
   f - Fireball                       Conjuration/Fire             5
Comestibles
 m - 3 rations


   Skills:
 - Level 2.4 Dodging
 - Level 2.4 Stealth
 * Level 4.9 Spellcasting
 + Level 2.2 Conjurations
 + Level 4.0 Fire Magic


You had 3 spell levels left.
You knew the following spells:

 Your Spells              Type           Power        Failure   Level  Hunger
a - Flame Tongue          Conj/Fire      ###..        3%          1    None
b - Throw Flame           Conj/Fire      ###...       4%          2    None
c - Conjure Flame         Conj/Fire      ###.....     9%          3    ##.....
d - Inner Flame           Hex/Fire       ##......     14%         3    ##.....


Dungeon Overview and Level Annotations

Branches:
Dungeon (3/15)

Altars:
Ashenzari
Dithmenos
Kikubaaqudgha
Makhleb
Yredelemnul
The Shining One


Message History

Aim: a hobgoblin, wielding a club (heavily wounded, inner flame)
The puff of flame misses the hobgoblin.
Casting: Throw Flame
Confirm with . or Enter, or press ? or * to list all spells.
Aiming: Throw Flame
Press: ? - help, Shift-Dir - straight line, f/p - hobgoblin
Aim: a hobgoblin, wielding a club (heavily wounded, inner flame)
The puff of flame hits the hobgoblin.
The hobgoblin is almost dead.
The hobgoblin barely misses you.
Casting: Throw Flame
Confirm with . or Enter, or press ? or * to list all spells.
Aiming: Flame Tongue
Press: ? - help, Shift-Dir - straight line, f/p - hobgoblin
Aim: a hobgoblin, wielding a club (almost dead, inner flame)
The flame tongue hits the hobgoblin.
The hobgoblin explodes!
The fiery explosion engulfs you!
You are engulfed in blazing flames.
Ouch! That really hurt!
You die...

##### #<..#
#...
#.)########
#..<(.......
#..######..#
#########
.#.....# #..#
#ยงยง....$.
....##.###..#
#@#
####....##..#
#.# #.)..##..#
#.# #....##..#
#.#
#........####.#
#....##.......#
#....##########
#....# #....#


There were no monsters in sight!

Vanquished Creatures
  2 adders (D:2)
  A worm (D:2)
  6 dart slugs (D:1)
  A leopard gecko (D:2)
  3 giant cockroaches
  2 gnoll zombies (D:2)
  4 goblins
  3 hobgoblins
  8 jackals
  A quokka (D:2)
  5 bats
  2 frilled lizards
  4 kobolds
  A rat (D:1)
43 creatures vanquished.

Notes
Turn   | Place    | Note
-------+----------+-------------------------------------------
     0 | D:1      | JarielCorvus the Deep Elf Fire Elementalist began the quest for the Orb.
     0 | D:1      | Reached XP level 1. HP: 10/10 MP: 6/6
   214 | D:1      | Reached XP level 2. HP: 15/15 MP: 5/8
   445 | D:1      | Learned a level 2 spell: Throw Flame
   979 | D:1      | Reached XP level 3. HP: 19/19 MP: 4/10
  1108 | D:1      | Learned a level 3 spell: Conjure Flame
  1112 | D:1      | Learned a level 3 spell: Inner Flame
  1875 | D:2      | Found a shattered altar of Ashenzari.
  2109 | D:2      | Reached XP level 4. HP: 18/24 MP: 8/12
  2232 | D:2      | Found an ancient bone altar of Kikubaaqudgha.
  2233 | D:2      | Found a glowing golden altar of the Shining One.
  2233 | D:2      | Found a burning altar of Makhleb.
  2234 | D:2      | Found a shadowy altar of Dithmenos.
  2679 | D:2      | Found a basalt altar of Yredelemnul.
  2836 | D:3      | Engulfed by a cloud of flame

Skill      XL: |  1  2  3  4 |
---------------+-------------+-----
Spellcasting   | 4 |  4.9
Conjurations   | 2 |  2.2
Fire Magic     | 4 |  4.0
Dodging        | |  2.4
Stealth        | |  2.4

Action                   |  1- 3 |  4- 6 || total
-------------------------+-------+-------++-------
 Cast: Flame Tongue      |    50 |    13 ||    63
       Throw Flame       |    21 |    12 ||    33
       Inner Flame       |    10 |     6 ||    16
  Use: Scroll            |     3 |       ||     3
       Potion            |     1 |       ||     1
  Eat: Ration            |     1 |       ||     1
       Chunk             |       |     3 ||     3
Armor: Robe              |     6 |     3 ||     9
Dodge: Dodged            |    27 |    12 ||    39
